 Dungeon Crawl Stone Soup version 0.23.0 (webtiles) character file.

Game seed: 3726252487219213705

21 Kairos the Sneak (level 2, 0/13 HPs)
             Began as a Vine Stalker Enchanter on Feb 10, 2019.
             Succumbed to an adder's poison
             ... on level 2 of the Dungeon.
             The game lasted 00:02:23 (1613 turns).

Kairos the Sneak (Vine Stalker Enchanter)           Turns: 1613, Time: 00:02:24

Health: 0/13       AC:  7    Str: 10    XL:     2   Next: 83%
Magic:  1/6        EV: 10    Int: 15    God:
Gold:   15         SH:  0    Dex: 14    Spells: 4/5 levels left

rFire    . . .     SeeInvis .   a - +1 dagger
rCold    . . .     Gourm    .   (no shield)
rNeg     . . .     Faith    +   j - +2 ring mail {MR+}
rPois    .         Spirit   +   (no helmet)
rElec    .         Reflect  .   (no cloak)
rCorr    .         Harm     .   (no gloves)
MR       +....                  (no boots)
Stlth    ++........             g - amulet of faith
HPRegen  0.04/turn              (no ring)
MPRegen  0.10/turn              (no ring)

@: lethally poisoned (0 -> -15)
A: fangs 2, magic shield, antimagic bite, no potion heal 3, rot immunity
a: no special abilities


You were on level 2 of the Dungeon.
You were very hungry.

You visited 1 branch of the dungeon, and saw 2 of its levels.

You collected 15 gold pieces.

Inventory:

Hand Weapons
 a - a +1 dagger (weapon)
Armour
 b - a +0 robe
 j - a +2 ring mail of magic resistance (worn)
Jewellery
 g - an amulet of faith (around neck)
Scrolls
 f - a scroll of immolation {unknown}
 i - a scroll of amnesia {unknown}
Potions
 c - a potion of curing {unknown}
 e - a potion of resistance {unknown}
 h - a potion of berserk rage {unknown}
Comestibles
 d - a ration


   Skills:
 + Level 1.0 Short Blades
 + Level 1.6 Dodging
 + Level 4.1 Stealth
 + Level 2.4 Spellcasting
 + Level 3.3 Hexes


You had 4 spell levels left.
You knew the following spells:

 Your Spells              Type           Power        Failure   Level  Hunger
a - Corona                Hex            ##.....      14%         1    #......

Your spell library contained the following spells:

 Spells                   Type           Power        Failure   Level  Hunger
 Ensorcelled Hibernation  Hex/Ice        #.....       38%         2    ###....
 Confuse                  Hex            ##......     38%         3    ###....
 Tukima's Dance           Hex            ##......     38%         3    ###....
 Dazzling Spray           Conj/Hex       #.....       63%         3    ###....


Dungeon Overview and Level Annotations

Branches:
Dungeon (2/15)

Altars:


Innate Abilities, Weirdness & Mutations

You have extremely sharp teeth.
When hurt, damage is shared between your health and your magic reserves.
Your bite disrupts and absorbs the magic of your enemies.
Potions cannot restore your health.
You are immune to rotting.


Message History

The adder is heavily wounded.
You feel sick. The adder bites you but does no damage.
You hit the adder but do no damage. Your bite misses the adder.
The adder is heavily wounded.
The adder bites you.
* * * LOW HITPOINT WARNING * * *
You are more poisoned.
The adder poisons you!
You closely miss the adder.
The adder is heavily wounded.
* * * LOW HITPOINT WARNING * * *
You feel sick. The adder closely misses you.
The adder bites you but does no damage.
You hit the adder but do no damage. Your bite misses the adder.
The adder is heavily wounded.
* * * LOW HITPOINT WARNING * * *
You feel sick. The adder bites you.
You hit the adder. Your bite misses the adder.
The adder is severely wounded.
You die...

#.# #.# #.# ...
#.# #.# #S# +@+
#.# #.#
.#######'#######
................
#.........#.##..
.......<>.......
#.........#.##..
#.........#..+ .


You could see an adder.

Vanquished Creatures
  An ooze (D:1)
  A giant cockroach (D:1)
  A goblin (D:1)
  4 hobgoblins (D:1)
  4 bats (D:1)
  2 frilled lizards (D:1)
  2 kobolds (D:1)
  A rat (D:1)
16 creatures vanquished.

Notes
Turn   | Place    | Note
-------+----------+-------------------------------------------
     0 | D:1      | Kairos the Vine Stalker Enchanter began the quest for the
                  | Orb.
     0 | D:1      | Reached XP level 1. HP: 9/9 MP: 4/4
    38 | D:1      | Reached XP level 2. HP: 7/13 MP: 4/6
    64 | D:1      | Reached skill level 4 in Stealth
   757 | D:1      | Reached skill level 1 in Short Blades
  1613 | D:2      | Succumbed to an adder's poison

Skill      XL: |  1  2 |
---------------+-------+-----
Stealth        | 4 |  4.1
Short Blades   | 1 |  1.0
Dodging        | |  1.6
Spellcasting   | |  2.4
Hexes          | |  3.3

Action                   || total
-------------------------++-------
Melee: Dagger            ||    93
       Bite              ||    21
 Cast: Corona            ||     3
 Stab: Sleeping          ||     2
  Eat: Chunk             ||     1
Armor: Robe              ||    18
       Ring mail         ||    14
Dodge: Dodged            ||    76
